AoeStats
← Savagebaby

Arena

504116509Analyzed
1v1 RM · 1mo ago on Sep 4, 2026· 41m 30s· 2 players
Game mode
Random Map
Map size
Tiny (2 player)
Population
200
Speed
Normal
Resources
Standard
Victory
Conquest
Starting age
Dark Age
Ending age
Imperial Age
RankedLock teamsTeams togetherTeam positionsShared explorationLock speedFull tech treeHidden civsTurbo modeCheats
Victory
Defeat
🇺🇸 Japanese · United States
782
+15
🇦🇷 Goths · Argentina
750
-15
lh7160148
11:01 Feudal Age
13:21 Double-Bit Axe
14:06 Horse Collar
16:48 Castle Age
16:29 Wheelbarrow
24:52 Bow Saw
25:18 Scale Mail Armor
25:20 Padded Archer Armor
25:10 Fletching
25:18 Loom
26:00 Stone Mining
26:36 Gold Mining
27:06 Hand Cart
26:41 Town Watch
27:43 Anarchy
28:14 Heavy Plow
31:26 Imperial Age
30:22 Stone Shaft Mining
30:40 Ballistics
31:20 Chain Mail Armor
31:23 Leather Archer Armor
31:20 Forging
31:56 Town Patrol
32:12 Perfusion
32:52 Conscription
34:15 Bodkin Arrow
34:50 Ring Archer Armor
34:57 Iron Casting
36:35 Two-Man Saw
36:07 Crop Rotation
37:36 Chemistry
36:34 Murder Holes
36:38 Elite Huskarl
Savagebaby
12:55 Feudal Age
17:16 Castle Age
20:18 Wheelbarrow
23:50 Horse Collar
23:56 Double-Bit Axe
24:35 Heavy Plow
25:38 Bow Saw
29:24 Hand Cart
29:34 Gold Mining
29:36 Stone Mining
32:57 Imperial Age
30:22 Loom
30:23 Town Watch
31:31 Gold Shaft Mining
31:30 Ballistics
30:52 Treadmill Crane
31:25 Masonry
31:27 Fortified Wall
31:20 Murder Holes
32:08 Squires
31:53 Arson
32:25 Forging
32:19 Scale Mail Armor
32:12 Fletching
33:42 Iron Casting
34:11 Conscription
33:57 Yasama
34:34 Kataparuto
34:59 Hoardings
36:20 Two-Man Saw
35:13 Elite Samurai
37:09 Blast Furnace
36:27 Chain Mail Armor
36:16 Bodkin Arrow
37:33 Siege Engineers
38:29 Chemistry
37:15 Arrowslits
40:57 Plate Mail Armor
40:28 Bracer
Connection lost

Rejoining the realm…

Still unreachable

The connection could not be restored.

Session expired

The server has moved on; the page needs a fresh start.